 Dungeon Crawl Stone Soup version 0.28-a0-178-ga708605c5b (webtiles) character file.

Game seed: 15215672464723443752

123 siradein the Slasher (level 4, 0/37 HPs)
             Began as a Minotaur Gladiator on Aug 18, 2021.
             Killed by nerve-wracking pain
             ... invoked by Grinder
              (4 damage)
             ... on level 3 of the Dungeon.
             The game lasted 00:03:22 (3006 turns).

siradein the Slasher (Minotaur Gladiator)           Turns: 3006, Time: 00:03:23

Health: 0/37       AC:  3    Str: 20    XL:     4   Next: 80%
Magic:  3/3        EV: 12    Int:  5    God:
Gold:   172        SH:  0    Dex: 11    Spells: 3/3 levels left

rFire   . . .      SeeInvis .   a - +0 long sword
rCold   . . .      Faith    .   (no shield)
rNeg    . . .      Spirit   .   b - +0 leather armour
rPois   .          Reflect  .   (helmet restricted)
rElec   .          Harm     .   (no cloak)
rCorr   .          Rampage  .   (no gloves)
Will    .....                   (no boots)
Stlth   +.........              (no amulet)
HPRegen 0.12/turn               (no ring)
MPRegen 0.08/turn               (no ring)

@: no status effects
A: horns 2, retaliatory headbutt
a: no special abilities


You were on level 3 of the Dungeon.
You visited 1 branch of the dungeon, and saw 3 of its levels.

You collected 172 gold pieces.

Inventory:

Hand Weapons
 a - a +0 long sword (weapon)
Missiles
 d - 3 throwing nets (quivered)
Armour
 b - a +0 leather armour (worn)
Wands
 n - a wand of digging (5)
Scrolls
 c - a scroll of fear {unknown}
 f - 2 scrolls of amnesia {unknown}
 g - a scroll of noise {unknown}
 h - a scroll of enchant armour {unknown}
 i - 4 scrolls of identify {unknown}
 j - a scroll of immolation {unknown}
 k - a scroll of fog {unknown}
Potions
 e - a potion of heal wounds {unknown}
 l - a potion of brilliance {unknown}
 m - a potion of haste {unknown}


   Skills:
 - Level 2.4 Fighting
 + Level 6.7 Long Blades
 - Level 2.0 Throwing
 - Level 3.2 Dodging


You had 3 spell levels left.
You didn't know any spells.
Your spell library contained the following spells:

 Spells                   Type           Power      Damage    Failure   Level
 Foxfire                  Conj/Fire      0%         2x1d4     54%         1
 Conjure Flame            Conj/Fire      0%         6-21      88%         3
 Inner Flame              Hex/Fire       0%         N/A       88%         3


Dungeon Overview and Level Annotations

Branches:
Dungeon (3/15)

Altars:
Xom
The Shining One

Annotations:
D:3 Grinder


Innate Abilities, Weirdness & Mutations

You have a pair of horns on your head.
You reflexively headbutt those who attack you in melee.


Message History

Things that are here:
a +0 dagger; a +0 ring mail You start resting.
HP restored.
There is a stone staircase leading up here.
Found a dagger.
Found a stone staircase leading down.
There is a stone staircase leading down here.
Grinder comes into view.
Grinder is nearby!
Grinder is nearby!
Grinder is nearby!
Grinder is nearby!
Grinder is nearby!
Found an escape hatch in the floor.
Your leather armour prevents you from hitting Grinder.
Grinder closely misses you. You furiously retaliate!
You headbutt Grinder! You hit Grinder. You headbutt Grinder.
Grinder is moderately wounded.
Grinder says, "I used to sell toenails on the black market."
Grinder gestures at you.
You suddenly lose the ability to move!
Found a shimmering altar of Xom.
Grinder hits you.
You writhe in agony.
Grinder hits you!
You writhe in agony.
Grinder hits you.
* * * LOW HITPOINT WARNING * * *
You writhe in agony.
* * * LOW HITPOINT WARNING * * *
Grinder completely misses you.
You can move again.
You are too injured to fight recklessly!
You are too injured to fight recklessly!
You are too injured to fight recklessly!
You are too injured to fight recklessly!
You are too injured to fight recklessly!
You hit Grinder. You headbutt Grinder!
Grinder is severely wounded.
Grinder gestures at you. Pain shoots through your body!
You die...

#.# #.....
#.≈≈>_≈≈..###.########
#.≈≈.§§§.......# #
#.≈≈§§≈≈.. #..# #####
#.≈§≈≈≈§.####..###....
#........##)..........
#........##.#..###....
#....5##.##.#..# #####
#@##.......# #
#.......#.## #
####.#...## #
#.####.##.##########
#......##...........
#########.####......
########.####..)###
........>##........
########.##.#...###


You could see Grinder.

Vanquished Creatures
  Ijyb (D:3)
  3 adders
  3 worms (D:2)
  2 dart slugs (D:1)
  5 orcs (D:3)
  6 ball pythons
  3 endoplasms (D:1)
  4 giant cockroaches (D:1)
  3 goblins
  7 hobgoblins
  3 jackals (D:1)
  2 quokkas
  3 bats
  A frilled lizard (D:1)
  2 kobolds
  2 rats
50 creatures vanquished.

Notes
Turn   | Place    | Note
-------+----------+-------------------------------------------
     0 | D:1      | siradein the Minotaur Gladiator began the quest for the
                  | Orb.
     0 | D:1      | Reached XP level 1. HP: 18/18 MP: 0/0
    44 | D:1      | Reached skill level 4 in Long Blades
   116 | D:1      | Reached XP level 2. HP: 25/25 MP: 1/1
   535 | D:1      | Reached skill level 5 in Long Blades
   896 | D:1      | Reached XP level 3. HP: 30/30 MP: 2/2
  1631 | D:2      | Found a glowing golden altar of the Shining One.
  1680 | D:2      | Reached XP level 4. HP: 37/37 MP: 3/3
  1857 | D:2      | Found a faded altar of an unknown god.
  1914 | D:3      | Reached skill level 6 in Long Blades
  2323 | D:3      | Noticed Ijyb
  2595 | D:3      | Killed Ijyb
  2998 | D:3      | Noticed Grinder
  3001 | D:3      | Paralysed by Grinder for 5 turns
  3001 | D:3      | Found a shimmering altar of Xom.
  3006 | D:3      | Killed from afar by Grinder

Illustrated notes

Levels and vault maps discovered:
D:1:      mainiacjoe_arrival_reflecting_pool, layout_loops_ring
D:2:      layout_basic, dilly_ecumenical_altar_fadedgnrine, basic_altar
D:3:      layout_loops_cross, general_overflow_altar, minivault_26,
          uniq_grinder, uniq_ijyb

Skill      XL: |  1  2  3  4 |
---------------+-------------+-----
Long Blades    | 4 5 6 |  6.7
Fighting       | |  2.4
Throwing       | |  2.0
Dodging        | |  3.2

Action                   |  1- 3 |  4- 6 || total
-------------------------+-------+-------++-------
Melee: Long sword        |    61 |    51 ||   112
       Headbutt          |     7 |     8 ||    15
 Stab: Sleeping          |     2 |       ||     2
Armor: Leather armour    |     8 |    14 ||    22
Dodge: Dodged            |    42 |    30 ||    72
       Rpst.: Long sword |     9 |     9 ||    18

Table legend: (Time is in decaauts)
 A = Elapsed time spent in this place.
 B = Non-inter-level travel time spent in this place.
 C = Inter-level travel time spent in this place.
 D = Time resting spent in this place.
 E = Time spent auto-exploring this place.
 F = Levels seen in this place.
 G = Mean time per level.
                   A        B        C        D        E       F      G
               +--------+--------+--------+--------+--------+-----+--------+
         Total |   3020 |   2956 |     64 |    471 |   2199 |   3 | 1006.7 |
       Dungeon |   3020 |   2956 |     64 |    471 |   2199 |   3 | 1006.7 |
               +--------+--------+--------+--------+--------+-----+--------+

Top non-repeatable levels by time:
     D:2: 1196 daAuts
     D:1: 954 daAuts
     D:3: 869 daAuts
